 Dungeon Crawl Stone Soup version 0.25.0-37-gb73750e0fb (webtiles) character file.

Game seed: 11865183488892308010

74 Revguard the Firebug (level 4, -4/24 HPs)
             Began as a Tengu Fire Elementalist on July 9, 2020.
             Slain by an orc priest
             ... wielding a +0 mace
              (8 damage)
             ... on level 2 of the Dungeon.
             The game lasted 00:09:13 (2341 turns).

Revguard the Firebug (Tengu Fire Elementalist)      Turns: 2341, Time: 00:09:14

Health: -4/24      AC:  6    Str:  8    XL:     4   Next: 30%
Magic:  9/9        EV: 13    Int: 16    God:
Gold:   75         SH:  0    Dex: 15    Spells: 0/8 levels left

rFire    . . .     SeeInvis .   (no weapon)
rCold    . . .     Gourm    .   (no shield)
rNeg     . . .     Faith    .   a - +0 robe
rPois    .         Spirit   .   (helmet restricted)
rElec    .         Reflect  .   (no cloak)
rCorr    .         Harm     .   (no gloves)
MR       .....                  (boots unavailable)
Stlth    ++........             (no amulet)
HPRegen  0.08/turn              j - +4 ring of protection
MPRegen  0.11/turn              (no ring)

@: stab
A: beak, talons 3
a: no special abilities


You were on level 2 of the Dungeon.
You were not hungry.

You visited 1 branch of the dungeon, and saw 3 of its levels.

You collected 75 gold pieces.

Inventory:

Armour
 a - a +0 robe (worn)
Jewellery
 j - a +4 ring of protection (left hand)
Scrolls
 e - 2 scrolls of identify {unknown}
 k - a scroll of fog {unknown}
Potions
 b - a potion of stabbing
 d - a potion of flight {unknown}
 f - a potion of resistance {unknown}
 g - a potion of might {unknown}
 i - a potion of brilliance {unknown}
 l - a potion of curing {unknown}
Comestibles
 c - 3 rations
 h - a chunk of flesh


   Skills:
 + Level 2.3 Dodging
 + Level 2.5 Stealth
 + Level 2.8 Spellcasting
 + Level 2.1 Conjurations
 + Level 4.2 Fire Magic


You couldn't memorise any spells.
You knew the following spells:

 Your Spells              Type           Power        Failure   Level  Hunger
a - Foxfire               Conj/Fire      ##..         5%          1    #......
b - Inner Flame           Hex/Fire       #.......     24%         3    ###....
c - Sticky Flame          Conj/Fire      ##......     45%         4    #####..

Your spell library contained the following spells:

 Spells                   Type           Power        Failure   Level  Hunger
 Conjure Flame            Conj/Fire      ##......     16%         3    ###....
 Fireball                 Conj/Fire      ##........   82%         5    ######.


Dungeon Overview and Level Annotations

Branches:
Dungeon (3/15)

Altars:


Innate Abilities, Weirdness & Mutations

You have a beak for a mouth.
You have claws for feet.


Message History

You climb downwards.
The orc priest hits you but does no damage.
The orc hits you from afar with a +0 trident.
There is a stone staircase leading up here.
You hit the orc priest.
You claw the orc priest, but do no damage.
The orc priest is lightly wounded.
The orc priest hits you with a +0 mace.
The orc hits you from afar with a +0 trident.
You hit the orc priest. You peck the orc priest.
The orc priest is moderately wounded.
The orc priest hits you with a +0 mace! The orc hits you but does no damage.
The orc priest hits you with a +0 mace.
* * * LOW HITPOINT WARNING * * *
You climb upwards.
There is a stone staircase leading down here.
It was a potion of stabbing.
You feel ready to backstab. The orc priest hits you with a +0 mace!
You die...

##.######.# #.#### ##...### #.#
#.# #########......###.# ###.###
#####................#.# #.....#
......#######..........###.....#
####### #####.###.###..........#
.# #####.....#.....#..###.÷...#
.# #......)..#[....#..........#
.# #.###.##....@÷.....#####.###
.# #.# #.###.#).o..#..# #.# .#
#.# #.# #.#.....#.## #.# .# #.#
#.# #.###.###.# #.# .# #.# #.#
#.........# #.# .####.###.#
#####.#..#######.# ..........#
##....## #.....# ###...#####
#.###.####.##### ###.### #.#
#......#


You could see an orc priest.

Vanquished Creatures
  An adder (D:2)
  2 oozes
  A dart slug (D:1)
  3 leopard geckos
  3 orcs (D:2)
  7 bats
  4 giant cockroaches
  3 goblins
  7 hobgoblins
  3 frilled lizards (D:2)
  5 kobolds
  7 rats
46 creatures vanquished.

Vanquished Creatures (others)
  112 foxfires
112 creatures vanquished.

Grand Total: 158 creatures vanquished

Notes
Turn   | Place    | Note
-------+----------+-------------------------------------------
     0 | D:1      | Revguard the Tengu Fire Elementalist began the quest for
                  | the Orb.
     0 | D:1      | Reached XP level 1. HP: 10/10 MP: 4/4
   272 | D:1      | Reached XP level 2. HP: 12/15 MP: 1/6
   612 | D:1      | Reached skill level 4 in Fire Magic
   652 | D:1      | Reached XP level 3. HP: 19/19 MP: 2/7
   657 | D:1      | Learned a level 3 spell: Inner Flame
  1449 | D:2      | Reached XP level 4. HP: 24/24 MP: 5/8
  1458 | D:2      | Learned a level 4 spell: Sticky Flame
  1938 | D:2      | Found a faded altar of an unknown god.
  2341 | D:2      | Slain by an orc priest

Illustrated notes

Levels and vault maps discovered:
D:1:      lightli_iron_boxes, layout_loops_ring
D:2:      layout_loops_ring, chequers_ecumenical_altar_grove, first_ration,
          st_stairs_3, minivault_14, chequers_decorated_corner
D:3:      layout_loops_ring, marbit_many_paths, nicolae_overflow_hidden_temple,
          fiery_altar_vehumet, minmay_misc_feat_roman, guppyfry_early_lair_pool

Skill      XL: |  1  2  3 |
---------------+----------+-----
Fire Magic     | 4 |  4.2
Conjurations   | 2 |  2.1
Dodging        | |  2.3
Stealth        | |  2.5
Spellcasting   | |  2.8

Action                   |  1- 3 |  4- 6 || total
-------------------------+-------+-------++-------
Melee: Unarmed           |    27 |    13 ||    40
       Kick              |     8 |     2 ||    10
       Peck              |     4 |     1 ||     5
 Cast: Foxfire           |    63 |    19 ||    82
  Use: Scroll            |     2 |       ||     2
       Potion            |       |     1 ||     1
 Stab: Sleeping          |     1 |       ||     1
  Eat: Chunk             |     2 |     3 ||     5
Armor: Robe              |     8 |     9 ||    17
Dodge: Dodged            |    34 |    11 ||    45
